[Event "Team 45 45 League T71"]
[Site "Internet Chess Club"]
[Date "2017.01.18"]
[Round "5"]
[White "Innes"]
[Black "clarinetref"]
[Result "0-1"]
[WhiteElo "1460"]
[BlackElo "1562"]
[Opening "Robatsch (modern) defense"]
[ECO "B06"]
[Time "11:05:58"]
[TimeControl "2700+45"]

1. e4 g6 2. d4 d6 3. c3 c6 4. f4 Nd7 5. Nf3 d5 6. e5 e6 7. Bd3 Qb6 8. O-O c5 9.
Kh1 Nh6 10. Qc2 c4 11. Be2 Qa5 12. b3 b5 13. b4 Qb6 14. a4 a5 15. axb5 Qxb5 16.
Nbd2 Nf5 17. Nb1 Bb7 18. g4 Nh6 19. Nh4 axb4 20. Rxa8+ Bxa8 21. f5 b3 22. Qd2
gxf5 23. gxf5 Qa6 24. fxe6 Qxe6 25. Qf4 Rg8 26. Bh5 Rg4 27. Bxg4 Nxg4 28. Nf5
Ngxe5 29. dxe5 d4+ 30. Kg1 Nxe5 31. Nxd4 Qg6+ 32. Qg5 Qe4 33. Nd2 Qh1+ 34. Kf2
Qxh2+ 35. Ke3 Bh6 36. Qxh6 Qxh6+ 37. Kf2 Nd3+ 38. Ke2 Qh5+ 39. N2f3 Bxf3+ 40.
Nxf3 b2 41. Be3 Qb5 42. Rb1 Qb3 43. Nd4 Qa2 {White resigns} 0-1

[Event "Team 45 45 League T71"]
[Site "Internet Chess Club"]
[Date "2017.01.15"]
[Round "5"]
[White "kutch"]
[Black "armand068new"]
[Result "1-0"]
[WhiteElo "1480"]
[BlackElo "1518"]
[Opening "QGD semi-Slav: Chigorin defense"]
[ECO "D45"]
[Time "12:01:23"]
[TimeControl "2700+45"]

1. d4 d5 2. c4 c6 3. Nc3 e6 4. e3 Nf6 5. Nf3 Bd6 6. Bd3 Nbd7 7. O-O Qc7 8. c5
Be7 9. h3 b6 10. b4 a5 11. cxb6 Nxb6 12. bxa5 Rxa5 13. Bd2 O-O 14. Qc2 Ba6 15.
Bxa6 Rxa6 16. Ne5 Bd6 17. f4 g6 18. Rfc1 Ba3 19. Nb5 Qb7 20. Nxa3 Rxa3 21. Qxc6
Qa6 22. Bb4 Rc8 23. Qd6 Nc4 24. Qe7 Nxe5 25. Rxc8+ Qxc8 26. fxe5 Rxe3 27. Qxf6
Rd3 28. Bc5 Rc3 29. Qe7 {Black resigns} 1-0

[Event "Team 45 45 League T71"]
[Site "Internet Chess Club"]
[Date "2017.01.14"]
[Round "5"]
[White "viktory"]
[Black "pishd"]
[Result "1-0"]
[WhiteElo "1635"]
[BlackElo "1724"]
[Opening "QGD: exchange variation"]
[ECO "D35"]
[Time "13:04:59"]
[TimeControl "2700+45"]

1. d4 Nf6 2. c4 e6 3. Nc3 d5 4. cxd5 exd5 5. Nf3 Nbd7 6. Bg5 c6 7. e3 Be7 8. Bd3
O-O 9. O-O Re8 10. Rc1 Nf8 11. a3 a5 12. Qc2 Ng6 13. Ne5 Nxe5 14. dxe5 Ne4 15.
Bxe4 dxe4 16. Rfd1 Bd7 17. Nxe4 Bxg5 18. Nxg5 g6 19. Ne4 Rxe5 20. Rxd7 Qh4 21.
Ng3 Rb5 22. Rcd1 a4 23. R7d4 Qe7 24. Rxa4 Rxa4 25. Qxa4 Rxb2 26. h3 h5 27. Ne4
Kh7 28. Qd4 Qxa3 29. Qf6 Qa2 30. Ng5+ Kh6 31. Nxf7+ Kh7 32. Qh8# {Black
checkmated} 1-0

[Event "Team 45 45 League T71"]
[Site "Internet Chess Club"]
[Date "2017.01.15"]
[Round "5"]
[White "zap2"]
[Black "Bizzy-Ketty"]
[Result "1/2-1/2"]
[WhiteElo "1784"]
[BlackElo "1571"]
[Opening "Nimzovich-Larsen attack: Indian variation"]
[ECO "A01"]
[Time "12:35:36"]
[TimeControl "2700+45"]

1. b3 Nf6 2. Bb2 e6 3. Nf3 Be7 4. e3 O-O 5. c4 b6 6. Be2 Bb7 7. d3 c5 8. Nbd2 d5
9. cxd5 Nxd5 10. O-O Nd7 11. a3 N7f6 12. Rc1 h6 13. Qc2 Qc7 14. Rfd1 Rad8 15.
Qb1 Rd7 16. Nc4 {Game drawn by mutual agreement} 1/2-1/2

[Event "Team 45 45 League T71"]
[Site "Internet Chess Club"]
[Date "2017.01.12"]
[Round "5"]
[White "karthikkallam"]
[Black "losscause"]
[Result "1/2-1/2"]
[WhiteElo "1339"]
[BlackElo "1502"]
[Opening "Sicilian: Taimanov variation"]
[ECO "B45"]
[Time "19:03:09"]
[TimeControl "2700+45"]

1. e4 e6 2. d4 c5 3. Nf3 cxd4 4. Nxd4 Nc6 5. Nc3 Nxd4 6. Qxd4 Nf6 7. e5 Ng8 8.
Bb5 a6 9. Ba4 Qc7 10. Bf4 b5 11. Bb3 Bc5 12. Qe4 Bb7 13. Qd3 Ne7 14. O-O-O O-O-O
15. f3 Ng6 16. Qd2 Qb6 17. Rhe1 Bf2 18. Re2 Bc5 19. Ne4 Nxf4 20. Qxf4 Rhf8 21.
Nd6+ Bxd6 22. Rxd6 Qg1+ 23. Kd2 Qc5 24. Re3 Bc6 25. Rc3 Qf2+ 26. Kc1 Qf1+ {Game
drawn by mutual agreement} 1/2-1/2

[Event "Team 45 45 League T71"]
[Site "Internet Chess Club"]
[Date "2017.01.13"]
[Round "5"]
[White "drsigmund1"]
[Black "KnightmanAJ"]
[Result "0-1"]
[WhiteElo "1378"]
[BlackElo "1393"]
[Opening "Queen's pawn, Mason variation"]
[ECO "D00"]
[Time "19:00:13"]
[TimeControl "2700+45"]

1. d4 d5 2. Bf4 Nf6 3. e3 c5 4. c3 Qb6 5. Qb3 Nc6 6. Qxb6 axb6 7. Bc7 b5 8. dxc5
e5 9. b4 d4 10. exd4 exd4 11. Bxb5 dxc3 12. Nxc3 Be7 13. Nf3 O-O 14. a3 Nxb4 15.
O-O Nc2 16. Ra2 Nxa3 17. Bd3 Be6 18. Bb6 Bxa2 19. Nxa2 Nb5 20. Bxb5 Rxa2 21. Bc4
Rc2 22. Bb3 Rc3 23. Bd1 Bxc5 24. Ba5 Ra3 25. Bc7 {White resigns} 0-1

[Event "Team 45 45 League T71"]
[Site "Internet Chess Club"]
[Date "2017.01.10"]
[Round "5"]
[White "chessnow"]
[Black "fireball"]
[Result "1-0"]
[WhiteElo "1760"]
[BlackElo "1663"]
[Opening "Ruy Lopez: closed, Flohr-Zaitsev system (Lenzerheide variation)"]
[ECO "C92"]
[Time "22:04:21"]
[TimeControl "2700+45"]

1. e4 e5 2. Nf3 Nc6 3. Bb5 a6 4. Ba4 Nf6 5. O-O b5 6. Bb3 Be7 7. Re1 d6 8. h3
O-O 9. c3 Bb7 10. d4 exd4 11. cxd4 Na5 12. Bc2 Nc4 13. b3 Nb6 14. Nbd2 c5 15.
Nf1 c4 16. Ng3 Re8 17. Bd2 a5 18. a3 Rc8 19. Bxa5 d5 20. e5 Nfd7 21. Bf5 Bc6 22.
e6 fxe6 23. Bxe6+ Kh8 24. Bxd7 Bxd7 25. Ne5 Be6 26. Ng6+ hxg6 27. Rxe6 Rb8 28.
Rxg6 Bf6 29. Nf5 Qd7 30. Qh5+ Kg8 31. Nh6+ Kf8 32. Bb4+ Re7 33. Rxf6+ gxf6 34.
Qf7# {Black checkmated} 1-0

[Event "Team 45 45 League T71"]
[Site "Internet Chess Club"]
[Date "2017.01.14"]
[Round "5"]
[White "ascoli"]
[Black "Skeptic1972"]
[Result "0-1"]
[WhiteElo "1607"]
[BlackElo "1622"]
[Opening "Rï¿½ti: King's Indian attack (Barcza system)"]
[ECO "A07"]
[Time "13:58:54"]
[TimeControl "2700+44"]
1. Nf3 d5 2. g3 Nf6 3. Bg2 e6 4. O-O Be7 5. d3 O-O 6. Nbd2 Nbd7 7. e4 dxe4
8. dxe4 e5 9. Nc4 Nxe4 10. Ncxe5 Nxe5 11. Nxe5 Nf6 12. Bg5 Rb8 13. Qf3 h6
14. Rad1 Qe8 15. Bc1 Bd6 16. Nc4 Bg4 17. Nxd6 cxd6 18. Qf4 Bxd1 19. Rxd1 Qe5
20. Qf3 b6 21. Bf4 Qxb2 22. Bxd6 Qxc2 23. Bxb8 Rxb8 24. a3 b5 25. h4 a5 26.
Rd6 b4 27. axb4 axb4 28. Rc6 Qb1+ 29. Kh2 b3 30. Qc3 Ng4+ 31. Kh3 Nxf2+ 32.
Kh2 b2 33. Bd5 Qf5 34. Ba2 Ng4+ 35. Kg2 Qf2+ 36. Kh3 Qf5 37. Rc5 Qe4 38.
Bxf7+ Kh7 39. h5 b1=Q 40. Bg6+ Qxg6 41. hxg6+ Qxg6 42. Qf3 Nf6 43. g4 Re8
44. Kh4 Re4 45. Qf5 Rxg4+ 46. Kh3 Qxf5 47. Rxf5 Ra4 48. Rc5 g5 49. Rc7+ Kg6
50. Rc6 Ra3+ 51. Kg2 Kf5 52. Rc5+ Kg4 53. Rc4+ Kh5 54. Rc6 Ng4 55. Re6 Kh4
56. Re4 h5 57. Rd4 Rg3+ 58. Kh1 Kh3 59. Rd2 Ne3 60. Re2 Kg4 61. Rf2 h4 62.
Rf1 Rh3+ 63. Kg1 Nxf1 {White resigns} 0-1

[Event "Team 45 45 League T71"]
[Site "Internet Chess Club"]
[Date "2017.01.15"]
[Round "5"]
[White "crazyhorses"]
[Black "anishio"]
[Result "1/2-1/2"]
[WhiteElo "1382"]
[BlackElo "1592"]
[Opening "Ruy Lopez: Anderssen variation"]
[ECO "C77"]
[Time "10:20:24"]
[TimeControl "2700+45"]

1. e4 e5 2. Nf3 Nc6 3. Bb5 a6 4. Ba4 Nf6 5. d3 b5 6. Bb3 Bc5 7. c3 d6 8. O-O Bb7
9. a4 h6 10. h3 O-O 11. Re1 Re8 12. Nbd2 Bb6 13. Bc2 Ne7 14. b4 Ng6 15. Nb3 Qd7
16. Be3 Bxe3 17. fxe3 Rac8 18. Na5 Ba8 19. axb5 axb5 20. Qe2 c5 21. Bb3 Qc7 22.
c4 bxc4 23. Bxc4 cxb4 24. Nb3 Bc6 25. Ra5 Ra8 26. Rea1 Rxa5 27. Rxa5 Qb7 28. Qa2
Ra8 29. Ne1 Nd7 30. Rxa8+ Qxa8 31. Na5 Nh8 32. Nxc6 Qxc6 33. Nc2 Qb6 34. Qa4 Qb7
35. Qxb4 Qxb4 36. Nxb4 Kf8 37. Nd5 Ng6 38. Kf2 Ne7 39. g4 Nxd5 40. Bxd5 Ke7
{Game drawn by mutual agreement} 1/2-1/2

[Event "Team 45 45 League T71"]
[Site "Internet Chess Club"]
[Date "2017.01.16"]
[Round "5"]
[White "dp15"]
[Black "XNPchess"]
[Result "0-1"]
[WhiteElo "2019"]
[BlackElo "2101"]
[Opening "Philidor: Improved Hanham variation"]
[ECO "B07"]
[Time "13:00:21"]
[TimeControl "2700+45"]

1. e4 d6 2. d4 Nf6 3. Nc3 e5 4. Nf3 Nbd7 5. Bc4 Be7 6. O-O c6 7. a4 a5 8. Re1
O-O 9. h3 exd4 10. Nxd4 Nc5 11. Bf4 Be6 12. Nxe6 fxe6 13. e5 Ne8 14. Be3 d5 15.
Be2 g6 16. h4 Nd7 17. Bg4 Ng7 18. Bh6 Qb6 19. Qd2 Bxh4 20. g3 Be7 21. Kg2 Bc5
22. f3 Rae8 23. Bxg7 Kxg7 24. Rh1 Be3 25. Qe2 Nxe5 26. f4 Nxg4 27. Qxg4 Qxb2 28.
Ne2 Qxc2 29. Raf1 d4 30. Qf3 d3 31. Qxe3 Qxe2+ 32. Qxe2 dxe2 33. Rb1 Rf7 34.
Rhe1 Rd8 35. Rxe2 Kf6 36. Re5 Rd5 37. Re4 Rfd7 38. Kf3 b5 39. Rc1 R7d6 40. axb5
cxb5 41. Rc7 h5 42. Ra7 b4 43. Re5 Rxe5 44. fxe5+ Kxe5 45. Rxa5+ Rd5 46. Ra2 b3
47. Rb2 Rd3+ 48. Kf2 Kd4 49. Re2 e5 50. Kg2 e4 51. Kh3 e3 52. Kh4 Kc3 53. Kg5 b2
54. Re1 Kc2 55. Kxg6 b1=Q 56. Rxb1 Kxb1 57. Kxh5 e2 58. g4 e1=Q 59. g5 Rg3 60.
Kg6 Qe6+ 61. Kh7 Rxg5 62. Kh8 Qg8# {White checkmated} 0-1

[Event "Team 45 45 League T71"]
[Site "Internet Chess Club"]
[Date "2017.01.15"]
[Round "5"]
[White "Monterrey"]
[Black "hood"]
[Result "0-1"]
[WhiteElo "2041"]
[BlackElo "1991"]
[Opening "Grünfeld: exchange, classical variation"]
[ECO "D86"]
[Time "17:04:08"]
[TimeControl "2700+45"]

1. d4 Nf6 2. c4 g6 3. Nc3 d5 4. cxd5 Nxd5 5. e4 Nxc3 6. bxc3 Bg7 7. Bc4 c5 8.
Ne2 Nc6 9. Be3 Qc7 10. O-O O-O 11. Rc1 Rd8 12. Bf4 Be5 13. Bg3 Bxg3 14. fxg3 e6
15. Qd2 b6 16. Qe3 Bb7 17. g4 Rac8 18. Rf3 cxd4 19. cxd4 Qd6 20. Rcf1 Rc7 21. e5
Qb4 22. Rxf7 Rxf7 23. Bxe6 Rf8 24. d5 Nd8 25. Bxf7+ Rxf7 26. Rxf7 Nxf7 27. Nc3
Qc5 28. Qxc5 bxc5 29. e6 Nd6 30. g5 Kf8 31. Kf2 Ke7 32. Ke3 a6 33. Kf4 Nb5 34.
Ne4 Bxd5 35. Nxc5 Bxe6 36. Nxa6 Bxa2 37. Nc5 Nd4 38. Ne4 Ne6+ 39. Ke5 Bb1 40. h4
Bxe4 41. Kxe4 Kd6 42. g4 Nc7 43. Kd4 Ke6 44. Ke4 Nb5 45. h5 Nd6+ 46. Kf4 Kd5 47.
Kf3 Ke5 48. Kg3 Nf7 {White resigns} 0-1

[Event "Team 45 45 League T71"]
[Site "Internet Chess Club"]
[Date "2017.01.15"]
[Round "5"]
[White "laurenpar"]
[Black "soccerisfun"]
[Result "0-1"]
[WhiteElo "1895"]
[BlackElo "1866"]
[Opening "English opening"]
[ECO "A16"]
[Time "20:03:13"]
[TimeControl "2700+45"]

1. c4 Nf6 2. Nc3 g6 3. g3 Bg7 4. Bg2 O-O 5. Rb1 d6 6. d3 c5 7. a3 a5 8. Nf3 Nc6
9. O-O h6 10. Ne1 Kh7 11. Nc2 Nd7 12. Bd2 a4 13. Ne3 Nb6 14. Ned5 Nxd5 15. cxd5
Nd4 16. b4 Nb3 17. bxc5 dxc5 18. Qc2 Bd7 19. Ne4 f5 20. Nc3 Qc7 21. e3 b5 22.
Ne2 Nxd2 23. Qxd2 Qd6 24. Rfc1 Rfc8 25. h4 Rab8 26. h5 g5 27. e4 b4 28. axb4
cxb4 29. Rxc8 Bxc8 30. f4 b3 31. e5 Qb4 32. Qxb4 Rxb4 33. Nc1 gxf4 34. gxf4 Rxf4
35. Ne2 Rb4 36. d4 a3 37. d6 exd6 38. exd6 a2 {White resigns} 0-1

[Event "Team 45 45 League T71"]
[Site "Internet Chess Club"]
[Date "2017.01.15"]
[Round "5"]
[White "TheRailgun"]
[Black "lacibacsi"]
[Result "1/2-1/2"]
[WhiteElo "1866"]
[BlackElo "2027"]
[Opening "Caro-Kann: Panov-Botvinnik attack"]
[ECO "B13"]
[Time "15:01:52"]
[TimeControl "2700+45"]

1. e4 c6 2. d4 d5 3. exd5 cxd5 4. c4 Nf6 5. Nc3 Nc6 6. Bg5 dxc4 7. Bxc4 h6 8.
Be3 e6 9. Nf3 Bd6 10. O-O O-O 11. a3 b6 12. Rc1 Bb7 13. Qe2 Ne7 14. Ba6 Bxa6 15.
Qxa6 Qc8 16. Qd3 Qd7 17. Rfd1 Rfd8 18. Rd2 Rac8 19. Rdc2 Qb7 20. h3 Ned5 21.
Nxd5 Nxd5 22. Bd2 Bf4 {Game drawn by mutual agreement} 1/2-1/2

[Event "Team 45 45 League T71"]
[Site "Internet Chess Club"]
[Date "2017.01.14"]
[Round "5"]
[White "fledermaus"]
[Black "vael"]
[Result "1/2-1/2"]
[WhiteElo "1815"]
[BlackElo "1954"]
[Opening "QGD: 4.Nf3"]
[ECO "D37"]
[Time "15:01:21"]
[TimeControl "2700+45"]

1. Nf3 Nf6 2. d4 d5 3. c4 e6 4. Nc3 Be7 5. Bg5 c6 6. e3 O-O 7. Qc2 Nbd7 8. Rd1
b6 9. Bd3 Ba6 10. cxd5 Bxd3 11. Qxd3 cxd5 12. O-O Rc8 13. Rc1 Nb8 14. Ne5 Nfd7
15. Bxe7 Nxe5 16. dxe5 Qxe7 17. Nb5 Nd7 18. Nxa7 Rxc1 19. Rxc1 Nxe5 20. Nc6 Nxd3
21. Nxe7+ Kh8 22. Rc8 Rxc8 23. Nxc8 b5 24. Na7 Nxb2 25. Nxb5 Kg8 26. Kf1 Kf8 27.
Ke2 Ke7 28. Kd2 Kd7 29. Kc2 Na4 30. Kd3 e5 31. f4 f6 32. fxe5 fxe5 33. h3 Kc6
34. Na7+ Kc5 {Game drawn by mutual agreement} 1/2-1/2

[Event "Team 45 45 League T71"]
[Site "Internet Chess Club"]
[Date "2017.01.15"]
[Round "5"]
[White "charles-allen"]
[Black "Fianchettoed"]
[Result "1-0"]
[WhiteElo "1885"]
[BlackElo "1655"]
[Opening "Queen's pawn: London system"]
[ECO "A45"]
[Time "09:00:19"]
[TimeControl "2700+45"]

1. d4 Nf6 2. Bf4 d5 3. Nc3 c5 4. e3 cxd4 5. exd4 a6 6. Nf3 Nc6 7. h3 Bf5 8. Bd3
Bg6 9. Ne5 e6 10. O-O Be7 11. Bxg6 hxg6 12. Ne2 Nxe5 13. Bxe5 Kf8 14. c3 Bd6 15.
Re1 Bxe5 16. dxe5 Ne4 17. Nd4 Qh4 18. Qf3 Rh5 19. g4 Rxe5 20. Qg2 f6 21. f4
{Black resigns} 1-0

[Event "Team 45 45 League T71"]
[Site "Internet Chess Club"]
[Date "2017.01.14"]
[Round "5"]
[White "ChessHouston"]
[Black "Ptzz"]
[Result "0-1"]
[WhiteElo "1909"]
[BlackElo "2079"]
[Opening "Sicilian: accelerated fianchetto, Maróczy bind"]
[ECO "B36"]
[Time "11:03:38"]
[TimeControl "2700+45"]

1. e4 c5 2. Nf3 g6 3. d4 cxd4 4. Nxd4 Nc6 5. c4 Nf6 6. Nc3 d6 7. Be2 Nxd4 8.
Qxd4 Bg7 9. Be3 O-O 10. Qd2 Be6 11. O-O Qa5 12. b3 Rfc8 13. Rac1 a6 14. f3 b5
15. Nd5 Qxd2 16. Bxd2 Nxd5 17. exd5 Bd4+ 18. Kh1 Bd7 19. Bg5 f6 20. Bd2 bxc4 21.
Bxc4 Bb5 22. Rfe1 Bxc4 23. bxc4 Kf7 24. Re4 Be5 25. Bc3 Bxc3 26. Rxc3 Rab8 27.
h3 Rb4 28. Kg1 f5 29. Rd4 Rc5 30. a3 Rb2 31. g4 Rc8 32. Rf4 Rcb8 33. gxf5 g5 34.
Re4 Ra2 35. Re1 Kf6 36. Rce3 Rb7 37. Re6+ Kxf5 38. Rxe7 Rxe7 39. Rxe7 Kf4 40.
Rxh7 Kxf3 41. Rh6 Rc2 42. Rxd6 Rc1+ 43. Kh2 Rc2+ 44. Kg1 Rxc4 45. Rxa6 Rd4 46.
d6 Kg3 47. Kf1 Kxh3 48. Kf2 g4 49. Ra8 g3+ 50. Ke3 Rxd6 51. Rh8+ Kg2 52. Rg8 Ra6
53. Rh8 Rxa3+ 54. Ke2 Ra5 55. Rh7 Re5+ 56. Kd3 Kg1 {White resigns} 0-1

[Event "Team 45 45 League T71"]
[Site "Internet Chess Club"]
[Date "2017.01.15"]
[Round "5"]
[White "Capt-Morgan"]
[Black "Signalman"]
[Result "1-0"]
[WhiteElo "1898"]
[BlackElo "1829"]
[Opening "Queen's pawn: Franco-Indian (Keres) defense"]
[ECO "A40"]
[Time "10:23:40"]
[TimeControl "2700+45"]

1. d4 e6 2. c4 Bb4+ 3. Bd2 Bxd2+ 4. Qxd2 Nf6 5. Nc3 O-O 6. g3 c6 7. Bg2 d5 8. b3
b6 9. Nf3 Bb7 10. Ne5 Nbd7 11. O-O Rc8 12. Rac1 Qc7 13. f4 c5 14. cxd5 exd5 15.
Bh3 Rfd8 16. Rfd1 a6 17. e3 c4 18. a4 cxb3 19. Nxd5 Qd6 20. Nxf6+ gxf6 21. Nxd7
Rxc1 22. Rxc1 Rxd7 23. Bxd7 Qxd7 24. d5 Qxa4 25. Qd3 b2 26. Rb1 Qa2 27. e4 h5
28. Qc2 Qa3 29. Rxb2 Qe3+ 30. Kg2 {Black resigns} 1-0

[Event "Team 45 45 League T71"]
[Site "Internet Chess Club"]
[Date "2017.01.18"]
[Round "5"]
[White "LiangLiang"]
[Black "laurenpar"]
[Result "1/2-1/2"]
[WhiteElo "1895"]
[BlackElo "1895"]
[Opening "French: Rubinstein variation"]
[ECO "C03"]
[Time "22:00:50"]
[TimeControl "2700+45"]

1. e4 e6 2. d4 d5 3. Nd2 dxe4 4. Nxe4 Nd7 5. Bd3 Ngf6 6. Nxf6+ Nxf6 7. Nf3 c5 8.
Be3 Qc7 9. O-O c4 10. Be2 Bd6 11. c3 Bd7 12. Nd2 Bxh2+ 13. Kh1 b5 14. f4 Nd5 15.
Bf3 Nxe3 16. Qe2 Nxf1 17. Rxf1 Bxf4 18. Bxa8 Bxd2 19. Qxd2 O-O 20. Be4 Bc6 21.
Bxc6 Qxc6 22. Qg5 f6 23. Qh5 Qd5 24. Qh2 e5 25. Qh4 exd4 26. cxd4 Re8 27. Qg4
Qe6 28. Qh5 Qe2 29. Qd5+ Kh8 30. Rf3 Qe1+ 31. Kh2 Qh4+ 32. Rh3 Qf4+ 33. Rg3 Qh4+
34. Rh3 Qf4+ 35. Rg3 Qh4+ 36. Rh3 {Game drawn by repetition} 1/2-1/2

[Event "Team 45 45 League T71"]
[Site "Internet Chess Club"]
[Date "2017.01.14"]
[Round "5"]
[White "Gilguli"]
[Black "watkins"]
[Result "0-1"]
[WhiteElo "1343"]
[BlackElo "1529"]
[Opening "Sicilian defense"]
[ECO "B20"]
[Time "04:01:37"]
[TimeControl "2700+45"]

1. e4 c5 2. a3 d6 3. b4 Nd7 4. Bc4 Ngf6 5. Qf3 Ne5 6. Bb5+ Bd7 7. Qe2 a6 8.
Bxd7+ Qxd7 9. f4 Nc6 10. bxc5 Nd4 11. Qd3 dxc5 12. Bb2 Rd8 13. Bxd4 Qxd4 14.
Qxd4 cxd4 15. d3 Ng4 16. Ra2 Ne3 17. c3 dxc3 18. Nxc3 Rxd3 19. Nd5 Nxd5 20. exd5
Rxd5 21. Nf3 e6 22. O-O Bc5+ 23. Kh1 O-O 24. Ne5 Rfd8 25. g3 Rd1 26. Kg2 Rxf1
27. Kxf1 Rd1+ 28. Ke2 Rh1 29. Kf3 Rf1+ 30. Kg4 Rf2 31. Ra1 Rxh2 32. Rd1 h5+ 33.
Kf3 Rf2+ 34. Ke4 Re2+ 35. Kf3 Re3+ 36. Kg2 f6 37. Rd8+ Kh7 38. Nd7 Bxa3 39. Kf2
Rc3 40. Rb8 Rc7 41. Nf8+ Bxf8 42. Rxf8 b5 43. Kg2 Kg6 44. Kh3 b4 45. Kh4 Rc5 46.
g4 hxg4 47. Kxg4 a5 48. Ra8 b3 {White resigns} 0-1

[Event "Team 45 45 League T71"]
[Site "Internet Chess Club"]
[Date "2017.01.16"]
[Round "5"]
[White "primerpaso"]
[Black "JPSVI"]
[Result "0-1"]
[WhiteElo "1785"]
[BlackElo "1751"]
[Opening "English opening"]
[ECO "A10"]
[Time "19:00:30"]
[TimeControl "2700+45"]

1. c4 f6 2. Nc3 e5 3. g3 Bb4 4. Bg2 Bxc3 5. bxc3 Ne7 6. e4 O-O 7. Ne2 d6 8. O-O
b6 9. f4 Bb7 10. d3 Nd7 11. g4 a6 12. Be3 Kh8 13. Ng3 exf4 14. Bxf4 Ng6 15. Be3
Nh4 16. Bh1 Ne5 17. Qe2 Qd7 18. h3 Rab8 19. Nh5 Ba8 20. Rfb1 Rfe8 21. Rb2 Rbd8
22. Rf1 Nhg6 23. Kh2 Qe7 24. Qd1 Bc6 25. Rbf2 Bd7 26. Rg1 Qe6 27. Qf1 b5 28.
cxb5 axb5 29. Rg3 Ra8 30. Qe2 c6 31. Bc1 Ra4 32. Bg2 Rea8 33. a3 c5 34. Bf1 Nh4
35. Nf4 Qe8 36. Nd5 Rb8 37. g5 f5 38. exf5 Nxf5 39. Rg1 Nh4 40. Ne3 Qg8 41. Rg3
Re8 42. Qd2 Rf8 43. Qe2 Rxf2+ 44. Qxf2 Bc6 45. Be2 Ra8 46. Ng4 Rf8 47. Qe3 Nf5
48. Qg1 Nxg3 49. Qxg3 Qa2 50. Qe3 Nxg4+ 51. hxg4 Re8 {White resigns} 0-1

[Event "Team 45 45 League T71"]
[Site "Internet Chess Club"]
[Date "2017.01.13"]
[Round "5"]
[White "Tobiasdelmonte"]
[Black "Portola"]
[Result "1-0"]
[WhiteElo "1762"]
[BlackElo "1737"]
[Opening "Catalan: closed, 6...Nbd7"]
[ECO "E07"]
[Time "19:37:21"]
[TimeControl "2700+45"]

1. d4 d5 2. Nf3 Nf6 3. c4 e6 4. g3 Be7 5. Bg2 Nbd7 6. O-O O-O 7. b3 c6 8. Bb2 b6
9. Nbd2 Bb7 10. Re1 Qc7 11. Rc1 Bd6 12. e4 dxe4 13. Nxe4 Nxe4 14. Rxe4 Nf6 15.
Re2 c5 16. d5 exd5 17. Bxf6 gxf6 18. Nh4 d4 19. Bxb7 Qxb7 20. Nf5 Qd7 21. Re5
Kh8 22. Rd5 Rae8 23. Nxd6 Re5 24. Qf3 Qe6 25. Rxe5 fxe5 26. Ne4 f5 27. Ng5 Qg6
28. h4 h6 29. Nh3 Rg8 30. Kh2 Qf6 31. Qh5 e4 32. Nf4 Kh7 33. Nd5 Qe6 34. Re1 Rg7
35. Nf4 Qd7 36. Qd1 Qd6 37. Qd2 Qe5 38. Nd5 Qe6 39. Qf4 Rf7 40. Rd1 Qc6 41. g4
Qe6 42. g5 hxg5 43. hxg5 Kg6 44. Nf6 Rf8 45. Qh4 Kf7 46. Qh7# {Black checkmated}
1-0

[Event "Team 45 45 League T71"]
[Site "Internet Chess Club"]
[Date "2017.01.13"]
[Round "5"]
[White "Heian"]
[Black "nidusin2"]
[Result "1/2-1/2"]
[WhiteElo "1668"]
[BlackElo "1592"]
[Opening "Giuoco Pianissimo: Italian four knights variation"]
[ECO "C50"]
[Time "19:08:05"]
[TimeControl "2700+45"]

1. e4 Nc6 2. Nf3 e5 3. Bc4 Bc5 4. Nc3 Nf6 5. d3 h6 6. O-O d5 7. Nxd5 O-O 8. Be3
Bb6 9. Bxb6 axb6 10. h3 Re8 11. a3 Na5 12. Ba2 c5 13. Nh2 Nxd5 14. Bxd5 Qc7 15.
Qh5 Be6 16. Bxe6 Rxe6 17. Ng4 Nc6 18. Ne3 Ne7 19. Nf5 Ng6 20. g3 b5 21. Ne3 Ne7
22. f4 Rg6 23. Kg2 exf4 24. Rxf4 Qxf4 25. Qxg6 Qxe3 26. Qd6 Nc6 27. Rf1 Qg5 28.
Qc7 Qe7 29. Qb6 b4 30. Rf5 Ra6 31. Qxc5 Qxc5 32. Rxc5 bxa3 33. bxa3 Rxa3 34. c3
Ne5 35. Rxe5 Rxc3 36. Rb5 Rxd3 37. Rxb7 Re3 38. Rb8+ Kh7 39. Rb4 Kg6 40. Kf2 Rc3
41. Rb5 f6 42. h4 h5 43. Kg2 Re3 44. Rb4 Kh6 45. Kf2 Rc3 46. Rd4 Rb3 47. Rd5 Rc3
{Game drawn by mutual agreement} 1/2-1/2

[Event "Team 45 45 League T71"]
[Site "Internet Chess Club"]
[Date "2017.01.12"]
[Round "5"]
[White "TwinsburgOHUSA"]
[Black "milesotoole"]
[Result "1/2-1/2"]
[WhiteElo "1474"]
[BlackElo "1649"]
[Opening "Sicilian: Smith-Morra gambit"]
[ECO "B21"]
[Time "22:01:31"]
[TimeControl "2700+45"]

1. e4 c5 2. d4 cxd4 3. c3 g6 4. Nf3 d5 5. Qxd4 Nf6 6. exd5 Qxd5 7. Bc4 Qxd4 8.
cxd4 Bg7 9. Nc3 O-O 10. Be3 Nc6 11. a3 Bg4 12. d5 Bxf3 13. gxf3 Ne5 14. Be2 Rfd8
15. O-O-O a6 16. f4 Ned7 17. Kb1 Ne8 18. h4 Rac8 19. Rc1 Ndf6 20. Rc2 Rd7 21.
Bf3 Rcd8 22. Bb6 Rc8 23. Rd1 Rc4 24. Rd4 Rxd4 25. Bxd4 Nc7 26. Rd2 Nce8 27. Bc5
Nh5 28. Be3 Nd6 29. Na4 Bf6 30. Nc5 Rc7 31. Ne4 Nxe4 32. Bxe4 Bxh4 33. d6 exd6
34. Rxd6 Be7 35. Rb6 Bc5 36. Rxb7 Rxb7 37. Bxb7 Be7 38. Bxa6 {Game drawn by
mutual agreement} 1/2-1/2

[Event "Team 45 45 League T71"]
[Site "Internet Chess Club"]
[Date "2017.01.13"]
[Round "5"]
[White "mongmong"]
[Black "Kingofknights"]
[Result "0-1"]
[WhiteElo "1497"]
[BlackElo "1493"]
[Opening "Queen's pawn game"]
[ECO "D04"]
[Time "18:01:38"]
[TimeControl "2700+45"]

1. d4 d5 2. Nf3 Nf6 3. e3 Bg4 4. c4 Bxf3 5. Qxf3 e6 6. Nc3 c5 7. dxc5 Bxc5 8.
cxd5 exd5 9. Bb5+ Nc6 10. O-O O-O 11. a3 Ne5 12. Qd1 Ne4 13. Nxe4 dxe4 14. b4
Bb6 15. Bb2 Qg5 16. Qb3 Nf3+ 17. Kh1 Nd2 18. Qd1 Nxf1 19. Qxf1 Rfd8 20. Ba4 Rac8
21. h3 Rd2 22. Bd4 Bxd4 23. exd4 Rxd4 24. Qb5 Qxb5 {White resigns} 0-1

[Event "Team 45 45 League T71"]
[Site "Internet Chess Club"]
[Date "2017.01.14"]
[Round "5"]
[White "liujf"]
[Black "smsxman"]
[Result "0-1"]
[WhiteElo "1416"]
[BlackElo "1377"]
[Opening "Scandinavian (center counter) defense"]
[ECO "B01"]
[Time "10:03:56"]
[TimeControl "2700+45"]

1. e4 d5 2. exd5 Qxd5 3. Nc3 Qe5+ 4. Qe2 Qxe2+ 5. Bxe2 Nc6 6. Nb5 Kd7 7. Nf3 a6
8. Nc3 Nf6 9. O-O e6 10. d4 Bd6 11. h3 Re8 12. Be3 h6 13. Rad1 Ke7 14. a3 Kf8
15. Rd2 Bd7 16. d5 Ne7 17. dxe6 Bxe6 18. Nd4 Bd7 19. Bf3 Rab8 20. Ne4 Nxe4 21.
Bxe4 Nc8 22. Bd3 Bc6 23. Nxc6 bxc6 24. Bxa6 Rxb2 25. Bd4 Ra2 26. Rd3 Rxc2 27.
Ra1 Ne7 28. Rc3 Rd2 29. Be3 Rd5 30. Bb7 Be5 31. Rxc6 Bxa1 32. Rc1 Rb5 33. Ba6
Ra5 34. Be2 Rxa3 35. Rxc7 Be5 36. Rc1 Ra2 37. Bc4 Ra1 38. Rxa1 Bxa1 39. Bb5 Rd8
40. Bf1 Bf6 41. Bb6 Rd1 42. Be3 Nd5 43. Bc5+ Kg8 44. g3 Nc3 45. Kg2 Ne4 46. Be3
Ra1 47. Bd3 Ng5 48. Be2 Ne6 49. Bd3 Bd4 50. Bxd4 Nxd4 51. Bc4 Kf8 52. Bd3 f6 53.
Be4 Ke7 54. Bd3 Kd6 55. Bc4 Ke5 56. Bd3 Rc1 57. Bf1 Nc2 58. Bb5 Kd4 59. Be2 g5
60. Bb5 f5 61. Be2 Ke5 62. Bb5 g4 63. hxg4 fxg4 64. Bd7 h5 65. Be8 Ne1+ 66. Kh2
Nf3+ 67. Kg2 Rg1# {White checkmated} 0-1